 Dungeon Crawl Stone Soup version 0.17.1-3-g152610e (webtiles) character file.

302 Gargoyl the Skirmisher (level 6, -1/72 HPs)
             Began as a Demonspawn Abyssal Knight on Apr 14, 2016.
             Was a Believer of Lugonu.
             Slain by an ogre
             ... wielding a +0 giant club
              (11 damage)
             ... on level 4 of the Dungeon.
             The game lasted 00:07:38 (4189 turns).

Gargoyl the Skirmisher (Demonspawn Abyssal Knight)  Turns: 4189, Time: 00:07:39

Health: -1/72      AC: 23    Str: 14      XL:     6   Next: 14%
Magic:  8/8        EV:  2    Int: 14      God:    Lugonu [**....]
Gold:   162        SH:  0    Dex: 15 (17) Spells: 0 memorised, 5 levels left

rFire  . . .     SeeInvis .     p - +0 war axe
rCold  . . .     Clarity  .     (armour currently unavailable)
rNeg   + + +     SustAt   .     (no shield)
rPois  +         Gourm    .     (helmet currently unavailable)
rElec  .         Spirit   .     (cloak currently unavailable)
rCorr  .         Warding  .     (gloves currently unavailable)
rMut   .         NoTele   +     (boots currently unavailable)
MR     .....                    (no amulet)
Stlth  +++.......               (no ring)
                                i - ring of wizardry

@: agile, tree-form, not resistant to hostile enchantments, fairly stealthy
A: (hooves 0), powered by pain 1
a: Depart the Abyss, Bend Space, Renounce Religion


You were on level 4 of the Dungeon.
You worshipped Lugonu.
Lugonu was pleased with you.
You were not hungry.
You were a tree.
You visited 1 branch of the dungeon, and saw 4 of its levels.
You visited the Abyss 1 time.

You collected 162 gold pieces.

Inventory:

Hand Weapons
 p - a +0 war axe (weapon)
Armour
 d - a +0 pair of boots (melded)
 g - a +2 cloak of poison resistance (melded)
 k - a +0 plate armour (melded)
Jewellery
 i - a ring of wizardry (left branch)
Scrolls
 e - a scroll of blinking {unknown}
 h - a scroll of immolation {unknown}
 l - 2 scrolls of identify {unknown}
 m - 2 scrolls of amnesia {unknown}
 n - a scroll of remove curse {unknown}
 u - a scroll of teleportation {unknown}
Potions
 b - a potion of lignification
 o - a potion of magic
Comestibles
 c - 3 bread rations
 f - a beef jerky
 s - a chunk of flesh


   Skills:
 + Level 4.2 Fighting
 + Level 2.9 Axes
 * Level 3.4 Armour
 + Level 2.5 Dodging
 + Level 0.8 Stealth
 + Level 2.9 Invocations


You had 5 spell levels left.
You didn't know any spells.

Dungeon Overview and Level Annotations

Branches:
Dungeon (4/15)
 Temple: D:4-7

Altars:
Dithmenos


Innate Abilities, Weirdness & Mutations

((You have large cloven feet.))
You sometimes gain a little power by taking damage.


Message History

Some of the chunks of flesh in your inventory have rotted away.
Drink which item? (? for menu, Esc to quit)
It was a potion of mutation.
You feel extremely strange.
You feel weaker. A pair of horns grows on your head!
You feel frail. The ogre hits you but does no damage.
Drink which item? (? for menu, Esc to quit)
It was a potion of curing.
You feel better. The ogre hits you with a giant club.
* * * LOW HITPOINT WARNING * * *
Drink which item? (? for menu, Esc to quit)
It was a potion of cure mutation.
It has a very clean taste.
You feel stronger. The horns on your head shrink away.
You feel robust. The ogre hits you with a giant club!
* * * LOW HITPOINT WARNING * * *
You focus on the pain.
You feel agile all of a sudden.
You barely miss the ogre.
The ogre is lightly wounded.
The ogre hits you with a giant club!
You die...

##. #.. ... #.#
#####.###.##### #
..............# .#
..............##.####
.......#.............#.
......%#..##...........
............O♣........
.......#..##..##.###.. .
...(.......#..##.# #.#
.... ##(##..#......##.#
#.# .....
.......#......##.###.#
..... #
.###.#.###.........##...##
#.#.# #..##.###.......# #
....................... .
.#.##...##......#...## .


You could see an ogre.

Vanquished Creatures
  The ghost of Faildrin the Bolt Thrower, an amateur CeHu of Okawaru (D:3)
  An orc priest (D:3)
  Jessica (D:3)
  Natasha (thrice) (D:4)
  A worker ant (D:4)
  3 gnolls
  An adder (D:2)
  2 oozes (D:1)
  3 worms
  2 giant geckos
  2 orcs (D:3)
  3 bats
  A giant cockroach (D:2)
  7 goblins
  5 hobgoblins
  4 jackals (D:1)
  3 giant newts
  7 kobolds
  4 rats
54 creatures vanquished.

Notes
Turn   | Place    | Note
--------------------------------------------------------------
     0 | Abyss:1  | Gargoyl the Demonspawn Abyssal Knight began the quest for the Orb.
     0 | Abyss:1  | Reached XP level 1. HP: 18/18 MP: 2/2
    40 | Abyss:1  | Noticed an apocalypse crab
    40 | D:1      | Escaped the Abyss
   241 | D:1      | Reached skill level 1 in Dodging
   244 | D:1      | Gained mutation: You sometimes gain a little power by taking damage. [demonic ancestry]
   244 | D:1      | Reached XP level 2. HP: 18/24 MP: 4/4
   509 | D:1      | Reached * piety under Lugonu
  1162 | D:1      | Reached XP level 3. HP: 22/29 MP: 5/5
  1916 | D:2      | Gained mutation: You have large cloven feet. [demonic ancestry]
  1916 | D:2      | Reached XP level 4. HP: 19/36 MP: 6/6
  2495 | D:3      | Noticed Faildrin's ghost (amateur CeHu)
  2801 | D:3      | Killed Faildrin's ghost
  2801 | D:3      | Reached skill level 4 in Fighting
  2801 | D:3      | Reached XP level 5. HP: 25/42 MP: 7/7
  3505 | D:3      | Noticed Jessica
  3510 | D:3      | Killed Jessica
  3690 | D:3      | Found a shadowy altar of Dithmenos.
  3839 | D:4      | Reached ** piety under Lugonu
  3898 | D:4      | Noticed Natasha
  3902 | D:4      | Killed Natasha
  3902 | D:4      | Reached XP level 6. HP: 48/48 MP: 8/8
  3947 | D:4      | Noticed Natasha
  3958 | D:4      | Killed Natasha
  3968 | D:4      | Noticed Natasha
  3973 | D:4      | Killed Natasha
  4170 | D:4      | Noticed an ogre
  4186 | D:4      | Gained mutation: You are weak. (Str -2) [potion of mutation]
  4186 | D:4      | Gained mutation: You have a pair of small horns on your head. [potion of mutation]
  4186 | D:4      | Gained mutation: You are frail (-10% HP). [potion of mutation]
  4188 | D:4      | Lost mutation: You are weak. (Str -2) [potion of cure mutation]
  4188 | D:4      | Lost mutation: You have a pair of small horns on your head. [potion of cure mutation]
  4188 | D:4      | Lost mutation: You are frail (-10% HP). [potion of cure mutation]
  4189 | D:4      | Slain by an ogre

Action                   |  1- 3 |  4- 6 || total
-------------------------+-------+-------++-------
Melee: Hand axe          |   124 |   113 ||   237
       War axe           |       |    68 ||    68
Throw: Tomahawk          |       |     2 ||     2
Invok: Depart the Abyss  |     1 |       ||     1
  Use: Potion            |       |     8 ||     8
  Eat: Chunk             |     3 |     4 ||     7
       Bread ration      |       |     1 ||     1
